 Dungeon Crawl Stone Soup version 0.30-a0-159-g068b764562 (webtiles) character file.

Game seed: 11262365425728206504

1768 KennySheep the Carver (level 9, 0/54 HPs)
             Began as a Tengu Gladiator on Sept 27, 2022.
             Was an Elder of Ignis.
             Succumbed to a gnoll sergeant's poison
             ... on level 6 of the Dungeon.
             The game lasted 00:24:02 (5712 turns).

KennySheep the Carver (Tengu Gladiator)             Turns: 5712, Time: 00:24:03

Health: 0/54       AC: 12    Str: 15 (16) XL:     9   Next: 7%
Magic:  10/10      EV: 18    Int:  6 (8)  God:    Ignis [****..]
Gold:   339        SH:  5    Dex: 21 (23) Spells: 8/8 levels left

rFire   + . .      SeeInvis .    a - +0 long sword
rCold   + . .      Faith    .    A - +0 buckler
rNeg    . . .      Spirit   .    v - +0 leather armour
rPois   .          Reflect  .    c - +1 hat
rElec   .          Harm     .    (no cloak)
rCorr   .          Rampage  .    j - +0 pair of gloves
Will    .....      Rage     3%   (boots unavailable)
Stlth   +++.......               (no amulet)
HPRegen 0.18/turn                m - +6 ring of dexterity
MPRegen 0.12/turn                (no ring)

@: lethally poisoned (0 -> -7), fiery-armoured, flying quickly and evasively,
invisible, quick
A: beak, talons 3, nimble flight, berserk 1, clumsy 1, cold resistance 1
a: Renounce Religion, Fiery Armour, Foxfire Swarm, Rising Flame


You were on level 6 of the Dungeon.
You worshipped Ignis.
Ignis was greatly pleased with you.
You visited 2 branches of the dungeon, and saw 7 of its levels.

You collected 339 gold pieces.

Inventory:

Hand Weapons
 a - a +0 long sword (weapon)
 b - a +0 sling
Missiles
 d - 3 throwing nets (quivered)
 D - 6 silver javelins
Armour
 c - a +1 hat (worn)
 j - a +0 pair of gloves (worn)
 v - a +0 leather armour (worn)
 A - a +0 buckler (worn)
Jewellery
 m - a +6 ring of dexterity (left hand)
 B - a ring of ice
Wands
 E - a wand of mindburst (13)
Scrolls
 f - a scroll of noise
 g - a scroll of vulnerability
 h - 3 scrolls of enchant weapon
 k - a scroll of immolation {unknown}
 l - 4 scrolls of teleportation
 p - a scroll of summoning {unknown}
 r - 2 scrolls of acquirement {unknown}
 s - 2 scrolls of fog {unknown}
 u - a scroll of poison {unknown}
 w - a scroll of enchant armour
 y - a scroll of identify
 z - a scroll of fear {unknown}
Potions
 o - a potion of flight
 q - a potion of haste
 t - 2 potions of curing {unknown}
 x - a potion of brilliance {unknown}
 C - a potion of heal wounds {unknown}


   Skills:
 + Level 5.0 Fighting
 * Level 8.0 Long Blades
 + Level 4.0 Ranged Weapons
 - Level 2.0 Throwing
 - Level 5.8 Dodging
 + Level 4.5 Stealth
 * Level 2.6 Shields


You had 8 spell levels left.
You didn't know any spells.
Your spell library contained the following spells:

 Spells                   Type           Power      Damage    Failure   Level
 Kindle Blastsparks       Fire/Tloc/Air  0%         2d10      94%         3
 Cause Fear               Hex            0%         N/A       100%        4
 Fulminant Prism          Conj/Hex       0%         3d6       100%        4
 Iskenderun's Mystic Bla  Conj/Tloc      0%         2d3       100%        4
 Lee's Rapid Deconstruct  Erth           0%         3d5*      100%        5
 Dragon Form              Tmut           0%         N/A       100%        7
 Dragon's Call            Summ           0%         N/A       100%        9


Dungeon Overview and Level Annotations

Branches:
Dungeon (6/15)             Temple (1/1) D:6

Altars:
Ashenzari
Cheibriados
Elyvilon
Fedhas
Makhleb
Nemelex Xobeh
Okawaru
Qazlal
Sif Muna
Uskayaw
Vehumet
Wu Jian
Xom
Yredelemnul
The Shining One
Ignis
Lugonu


Innate Abilities, Weirdness & Mutations

You have a beak for a mouth.
You have claws for feet.
Your magical nature lets you fly swiftly and evasively.
You sometimes lose your temper in combat.
You are clumsy. (Dex -2)
Your flesh is cold resistant. (rC+)


Message History

The gnoll sergeant hits you with a +6 trident of venom.
You are poisoned.
You block the gnoll sergeant's attack.
A protective cloak of flame settles atop you.
You feel sick. The gnoll sergeant closely misses you.
You slash the gnoll sergeant! The gnoll sergeant blocks your attack.
Your peck misses the gnoll sergeant.
The gnoll sergeant is almost dead.
You feel sick.
The gnoll sergeant hits you with a +6 trident of venom!
You are lethally poisoned!
The gnoll sergeant is burned by your cloak of flames.
You kill the gnoll sergeant!
Your Ranged Weapons skill increases to level 4!
You hit the gnoll. You peck the gnoll, but do no damage.
The gnoll is heavily wounded.
* * * LOW HITPOINT WARNING * * *
You feel very sick. The gnoll misses you.
You hit the gnoll. Your kick misses the gnoll.
The gnoll is almost dead.
* * * LOW HITPOINT WARNING * * *
You feel very sick. You block the gnoll's attack.
It was a potion of cancellation.
You feel magically purged.
* * * LOW HITPOINT WARNING * * *
You feel very sick. The gnoll barely misses you.
It was a potion of invisibility.
You fade into invisibility!
* * * LOW HITPOINT WARNING * * *
You feel sick. You block the gnoll's attack.
It was a potion of degeneration.
There was something very wrong with that liquid.
You feel weakened.
You feel dopey.
You feel clumsy.
* * * LOW HITPOINT WARNING * * *
You feel sick. The gnoll closely misses you.
It was a potion of flight.
You feel more buoyant.
You die...

#[.###...# ..# #...........
#...##...# #.# #.....######
#####.#.##.g.# #.# #.....#
......#.##...# #.# ####..###
......#..#.g(# #.# ###....#
>.........#g## #.# ##......#
......##..#.# #.# #..##...#
......##..#.######.###.###...#
###.#.##..#...gg@........#...#
#.#.##..#..#####...........#
#.#........# #...........#
#.#######..# #.).......###
#..........# #.......###
#########..######+######
#.>.....).# ###########


You could see 2 gnolls.

Vanquished Creatures
  Sigmund (D:2)
  An ice beast (D:6)
  A sky beast (D:6)
  A black bear (D:6)
  2 ogres
  Blork the orc (D:5)
  A necrophage (D:5)
  3 scorpions
  2 gnoll sergeants (D:6)
  A crimson imp (D:6)
  3 hounds
  3 jellies (D:5)
  3 iguanas
  5 orc wizards
  A hound zombie (D:3)
  6 gnolls (D:6)
  7 adders
  A white imp (D:5)
  An ufetubus (D:5)
  4 adder skeletons (D:3)
  3 adder zombies (D:3)
  3 worms
  2 dart slugs (D:3)
  23 orcs
  8 bats
  10 endoplasms
  5 giant cockroaches
  5 goblins
  4 hobgoblins
  5 jackals
  8 quokkas
  9 ball pythons
  2 frilled lizards (D:1)
  10 kobolds
  A quokka skeleton (D:3)
  A quokka zombie (D:3)
  6 rats
153 creatures vanquished.

Vanquished Creatures (others)
  16 foxfires (D:2)
  5 fungi (D:5)
  A plant (D:5)
  A withered plant (D:3)
23 creatures vanquished.

Grand Total: 176 creatures vanquished

Notes
Turn   | Place    | Note
-------+----------+-------------------------------------------
     0 | D:1      | KennySheep the Tengu Gladiator began the quest for the Orb.
     0 | D:1      | Reached XP level 1. HP: 12/12 MP: 2/2
    64 | D:1      | Found a faded altar of an unknown god.
    73 | D:1      | Prayed at the altar of an unknown god.
    73 | D:1      | Became a worshipper of Ignis, the Dying Flame
   119 | D:1      | Reached XP level 2. HP: 4/17 MP: 3/3
   713 | D:1      | Reached skill level 4 in Long Blades
   713 | D:1      | Reached XP level 3. HP: 22/22 MP: 4/4
  1179 | D:2      | Noticed Sigmund
  1185 | D:2      | Killed Sigmund
  1186 | D:2      | Reached skill level 5 in Long Blades
  1186 | D:2      | Reached skill level 1 in Stealth
  1186 | D:2      | Reached XP level 4. HP: 19/28 MP: 5/5
  1186 | D:2      | Gained mutation: Your magical nature lets you fly swiftly
                  | and evasively. [Tengu growth]
  1186 | D:2      | Reached XP level 5. HP: 21/32 MP: 6/6
  1492 | D:2      | Reached XP level 6. HP: 36/37 MP: 7/7
  2054 | D:3      | Found a shimmering blue altar of Sif Muna.
  2335 | D:3      | Gained mutation: You are clumsy. (Dex -2) [potion of
                  | mutation]
  2335 | D:3      | Gained mutation: You occasionally lose the ability to read
                  | scrolls when taking damage. [potion of mutation]
  2335 | D:3      | Gained mutation: You sometimes lose your temper in combat.
                  | [potion of mutation]
  2335 | D:3      | Gained mutation: You have a somewhat thin skeletal
                  | structure. (Dex +2, Stealth+) [potion of mutation]
  2336 | D:3      | Lost mutation: You have a somewhat thin skeletal structure.
                  | (Dex +2, Stealth+) [potion of mutation]
  2336 | D:3      | Lost mutation: You are clumsy. (Dex -2) [potion of
                  | mutation]
  2336 | D:3      | Lost mutation: You occasionally lose the ability to read
                  | scrolls when taking damage. [potion of mutation]
  2336 | D:3      | Gained mutation: Your flesh is cold resistant. (rC+)
                  | [potion of mutation]
  2336 | D:3      | Gained mutation: You are clumsy. (Dex -2) [potion of
                  | mutation]
  2502 | D:3      | You are sucked into a shaft and drop 3 floors!
  2522 | D:6      | Found a staircase to the Ecumenical Temple.
  2535 | Temple   | Entered the Ecumenical Temple
  2629 | D:6      | Found a shimmering altar of Xom.
  2629 | D:6      | Found a burning altar of Makhleb.
  2688 | D:5      | Entered Level 5 of the Dungeon
  2696 | D:5      | Reached skill level 1 in Ranged Weapons
  2793 | D:5      | Reached XP level 7. HP: 41/41 MP: 8/8
  2861 | D:5      | Reached skill level 6 in Long Blades
  2992 | D:5      | Found a blossoming altar of Fedhas.
  3004 | D:5      | Reached skill level 5 in Dodging
  3518 | D:5      | Noticed Blork the orc
  3542 | D:5      | Killed Blork the orc
  3557 | D:5      | Reached XP level 8. HP: 35/48 MP: 9/9
  3988 | D:4      | Reached skill level 7 in Long Blades
  4284 | D:4      | Found a broken altar of Ashenzari.
  4585 | D:4      | Found a snail-covered altar of Cheibriados.
  4845 | D:3      | Found a white marble altar of Elyvilon.
  4915 | D:3      | Found a basalt altar of Yredelemnul.
  5210 | D:6      | Reached skill level 1 in Shields
  5647 | D:6      | Reached skill level 5 in Fighting
  5647 | D:6      | Reached skill level 8 in Long Blades
  5647 | D:6      | Reached XP level 9. HP: 51/54 MP: 10/10
  5711 | D:6      | HP: 2/54 [poisoned by a gnoll sergeant]
  5712 | D:6      | Succumbed to a gnoll sergeant's poison

Illustrated notes

Levels and vault maps discovered:
D:1:      dpeg_arrival_refuge, layout_basic, basic_ecumenical_altar,
          minmay_cupped
D:2:      layout_basic, uniq_sigmund
D:3:      layout_loops_ring, kennysheep_ying_yang, lemuel_blue_sif_altar,
          serial_undead, serial_undead_c, serial_undead_d, serial_undead_c,
          serial_undead_f, serial_undead_f, serial_undead_e
D:4:      layout_rooms, lemuel_doored_altar, mainiacjoe_overflow_alcove_2
D:5:      layout_cave_pools, fedhas_altar_3, uniq_blork_the_orc
D:6:      layout_basic, grunt_temple_overflow_champion_of_chaos,
          mainiacjoe_overflow_surrounded_room, minmay_temple_entry_junction
Temple:   corrupted_temple

Skill      XL: |  1  2  3  4  5  6  7  8  9 |
---------------+----------------------------+-----
Long Blades    | 4 5 6 8 |  8.0
Fighting       | 3 4 5 |  5.0
Dodging        | 4 5 |  5.8
Stealth        | 1 2 3 4 |  4.5
Ranged Weapons | 1 2 3 4 |  4.0
Shields        | 2 |  2.6
Throwing       | |  2.0

Action                   |  1- 3 |  4- 6 |  7- 9 || total
-------------------------+-------+-------+-------++-------
Melee: Long sword        |    60 |    80 |   171 ||   311
       Kick              |    14 |    26 |    56 ||    96
       Peck              |     4 |    18 |    27 ||    49
       Punch             |     1 |       |     1 ||     2
 Fire: Sling             |       |    17 |    84 ||   101
Invok: Fiery Armour      |     1 |       |     2 ||     3
       Foxfire Swarm     |     1 |       |       ||     1
  Use: Scroll            |     1 |       |     4 ||     5
       Potion            |       |     2 |     4 ||     6
 Stab: Sleeping          |     4 |     6 |     5 ||    15
       Distracted        |       |     1 |       ||     1
Armor: Leather armour    |    11 |    13 |    25 ||    49
Dodge: Dodged            |    50 |    54 |   130 ||   234
Block: Buckler           |       |       |    15 ||    15

Table legend: (Time is in decaauts)
 A = Elapsed time spent in this place.
 B = Non-inter-level travel time spent in this place.
 C = Inter-level travel time spent in this place.
 D = Time resting spent in this place.
 E = Time spent auto-exploring this place.
 F = Levels seen in this place.
 G = Mean time per level.
                   A        B        C        D        E       F      G
               +--------+--------+--------+--------+--------+-----+--------+
         Total |   5564 |   5355 |    209 |   1615 |   2486 |   7 |  794.9 |
       Dungeon |   5526 |   5327 |    199 |   1615 |   2467 |   6 |  921.0 |
        Temple |     37 |     27 |     10 |      0 |     19 |   1 |   37.0 |
               +--------+--------+--------+--------+--------+-----+--------+

Top non-repeatable levels by time:
     D:5: 1276 daAuts
     D:1: 1124 daAuts
     D:3: 908 daAuts
     D:4: 767 daAuts
     D:2: 745 daAuts
     D:6: 704 daAuts
  Temple: 37 daAuts
